 Dungeon Crawl Stone Soup version 0.31-a0-152-g6aa68a64a1 (webtiles) character file.

Game seed: 14383788592229314932

6587 qw the Skirmisher (level 11, -4/71 HPs)
             Began as a Gargoyle Hunter on June 11, 2023.
             Was a Believer of Okawaru.
             Killed from afar by a Hell Sentinel (53 damage)
             ... with an iron shot
             ... on level 1 of the Abyss.
             The game lasted 00:03:59 (7979 turns).

qw the Skirmisher (Gargoyle Hunter)                 Turns: 7979, Time: 00:03:59

Health: -4/71      AC: 17    Str: 14    XL:     11   Next: 2%
Magic:  12/14      EV: 15    Int: 11    God:    Okawaru [**....]
Gold:   557        SH:  5    Dex: 17    Spells: 10/10 levels left

rFire   . . .        q - +0 orcbow
rCold   . . .        (shield currently unavailable)
rNeg    + . .        i - +0 ring mail
rPois   inf          (helmet restricted)
rElec   +            b - +0 cloak
rCorr   .            g - +0 pair of gloves
SInv    +            (no boots)
Will    +....        n - amulet of reflection
Stlth   +++          o - ring of willpower
HPRegen 0.31/turn    d - ring of see invisible
MPRegen 0.14/turn

%: reflection
@: heroic, flying
A: sickness immunity, AC +8, negative energy resistance 1, electricity
resistance, torment resistance 1, petrification resistance, big wings, horns 1
a: Renounce Religion, Heroism


You were on level 1 of the Abyss.
You worshipped Okawaru.
Okawaru was pleased with you.
You visited 2 branches of the dungeon, and saw 10 of its levels.
You visited the Abyss 1 time.
You also visited: Sewer and Ossuary.

You collected 557 gold pieces.


Innate Abilities, Weirdness & Mutations

You are immune to sickness and miasma.
Your stone body is resilient. (AC +8)
You are immune to poison.
You resist negative energy. (rN+)
You are resistant to electric shocks. (rElec)
You are resistant to unholy torment.
You are immune to petrification.
Your large and strong wings let you fly.
You have a pair of small horns on your head.


   Skills:
 - Level 9.1(14.1) Fighting
 + Level 13.4(18.4) Ranged Weapons
 - Level 4.0(9.0) Armour
 - Level 3.0(8.0) Dodging
 - Level 1.1(6.1) Stealth
 - Level 4.0 Invocations


You had 10 spell levels left.
You didn't know any spells.
Your spell library was empty.

Inventory:

Hand Weapons
 q - a +0 orcbow (weapon)
Armour
 b - a +0 cloak (worn)
 g - a +0 pair of gloves (worn)
 i - a +0 ring mail (worn)
Jewellery
 d - a ring of see invisible (right hand)
 n - an amulet of reflection (around neck)
 o - a ring of willpower (left hand)
Scrolls
 h - 2 scrolls of identify
 p - 4 scrolls of teleportation
Potions
 a - a potion of magic
 c - 2 potions of resistance
 e - 2 potions of might
 f - 6 potions of curing
 j - 2 potions of lignification
 l - a potion of haste
 m - a potion of heal wounds
 r - a potion of attraction
 s - 3 potions of mutation

Dungeon Overview and Level Annotations

Branches:
Dungeon (9/15)             Temple (1/1) D:7           Sewer (visited)
Ossuary (visited)
   Lair: D:8-11         Orc: D:9-12

Altars:
Ashenzari
Cheibriados
Dithmenos
Elyvilon
Fedhas
Gozag
Hepliaklqana
Kikubaaqudgha
Makhleb
Nemelex Xobeh
Okawaru
Qazlal
Ru
Sif Muna
Trog
Uskayaw
Vehumet
Wu Jian
Xom
Yredelemnul
Zin
The Shining One

Shops:
D:7 :

Annotations:
D:3 1 runed translucent door, Crazy Yiuf


Message History

You shoot an arrow.
The arrow hits the chaos spawn but does no damage.
The chaos spawn is almost dead.
You shoot an arrow.
The arrow closely misses the chaos spawn.
You shoot an arrow.
The arrow barely misses the chaos spawn.
The chaos spawn hits you! The chaos spawn shocks you. You resist.
You shoot an arrow.
The arrow hits the chaos spawn but does no damage.
The chaos spawn is almost dead.
The chaos spawn closely misses you.
You shoot an arrow. The arrow hits the chaos spawn.
The chaos spawn is almost dead.
The chaos spawn gores you but does no damage.
You shoot an arrow. The arrow hits the chaos spawn!
You kill the chaos spawn!
Okawaru accepts your kill.
The chaos spawn degenerates into a cloud of primal chaos!
You start resting.
Magic restored.
You start resting.
You feel like a meek peon again.
A Hell Sentinel assembles itself!
7976 ||| INVOKING Heroism.
You gain the combat prowess of a mighty hero.
The Hell Sentinel roars!
A small abomination comes into view.
You shoot an arrow. The arrow hits the Hell Sentinel.
The Hell Sentinel is lightly wounded.
You shoot an arrow.
The arrow hits the Hell Sentinel but does no damage.
The Hell Sentinel is lightly wounded.
You shoot an arrow.
The arrow hits the Hell Sentinel but does no damage.
The Hell Sentinel is lightly wounded.
The Hell Sentinel gestures at you. The iron shot hits you!!!
Ouch! That really hurt!
You die...

.7..7. ..#
.7### .... ....
....# ... ...#.
..77.#....
..7......
#..7.77.1..x#..
#.....@.......
#..#...#...###.
....... ....#
#...#.. ....# .
.## .## .....#
.# ....## %.
..... . .#
...###


You could see a Hell Sentinel and a small abomination.

Vanquished Creatures
  Pikel (D:8)
  Maurice (D:8)
  An apocalypse crab (Abyss:1)
  Joseph (D:8)
  Psyche (D:8)
  Grinder (D:3)
  A hornet (D:8)
  A wraith (Ossuary)
  A wyvern (D:9)
  A chaos spawn (Abyss:1)
  A steam dragon (D:9)
  Menkaure (D:5)
  3 orc warriors
  2 sky beasts (D:7)
  A black bear (D:3)
  A lemure (D:8)
  2 centaurs
  4 kobold brigands
  A phantom (D:6)
  4 bullfrogs
  An elf zombie (Ossuary)
  4 scorpions
  14 wights
  9 killer bees
  4 howler monkeys
  3 hounds
  A human zombie (Ossuary)
  3 gnoll boudas
  2 jellies
  4 orc priests
  3 iguanas
  3 orc wizards
  3 mummies (Ossuary)
  16 gnolls
  11 adders
  4 river rats (Sewer)
  A shadow imp (D:5)
  A white imp (D:7)
  An ufetubus (D:6)
  5 worms
  26 orcs
  4 bats
  9 endoplasms
  3 giant cockroaches
  4 goblins
  6 hobgoblins
  4 jackals (D:1)
  21 kobolds
  5 quokkas
  7 ball pythons
  3 frilled lizards
  A goblin zombie (Ossuary)
  3 hobgoblin zombies (Ossuary)
  4 kobold zombies (Ossuary)
  11 rats
234 creatures vanquished.

Notes
Turn   | Place    | Note
-------+----------+-------------------------------------------
     0 | D:1      | qw the Gargoyle Hunter began the quest for the Orb.
     0 | D:1      | Reached XP level 1. HP: 12/12 MP: 1/1
     0 | D:1      | 0 ||| qw: Version: 0.2-a-29-g99eb96e
     0 | D:1      | 0 ||| qw: Game counter: 4089
     0 | D:1      | 0 ||| qw: Always use a shield: true
     0 | D:1      | 0 ||| qw: God list: Okawaru
     0 | D:1      | 0 ||| qw: Allow faded altars: false
     0 | D:1      | 0 ||| qw: Do Orc after D:15 true
     0 | D:1      | 0 ||| qw: Do second Lair branch before Depths: true
     0 | D:1      | 0 ||| qw: Lair rune preference: random
     0 | D:1      | 0 ||| qw: Plans: Normal, Zot:1-4, Slime:5, God:TSO, Crypt,
                  | Tomb, Abyss, Pan, Hells, Win
     0 | D:1      | 0 ||| PLANNING D:1-11
    99 | D:1      | Reached XP level 2. HP: 17/17 MP: 2/2
   626 | D:1      | Reached XP level 3. HP: 21/21 MP: 3/3
   651 | D:1      | 651 ||| UPGRADING to +0 helmet.
   656 | D:1      | 656 ||| READING scroll labelled UFORPH JEAXT.
   657 | D:1      | 657 ||| READING scroll labelled YQAX VIQOTOU.
   658 | D:1      | 658 ||| READING scroll labelled DOBY BUTY VEB.
   659 | D:1      | 659 ||| READING scroll labelled WACKUN VYGGETI.
   660 | D:1      | 660 ||| DROPPING scroll of butterflies.
   691 | D:2      | Found a faded altar of an unknown god.
   718 | D:2      | Reached skill level 5 in Ranged Weapons
  1270 | D:2      | Reached skill level 3 in Fighting
  1306 | D:2      | Reached XP level 4. HP: 28/28 MP: 4/4
  1428 | D:2      | 1428 ||| UPGRADING to +0 cloak.
  1433 | D:2      | 1433 ||| READING scroll labelled FILYODDA ILOAT.
  1434 | D:2      | 1434 ||| READING scroll labelled APSOCK IMER.
  1448 | D:3      | 1448 ||| PLANNING SEWER
  1480 | D:3      | Found a glowing drain.
  1504 | Sewer    | Entered a sewer
  1510 | Sewer    | 1510 ||| Stepping ~*~*~tactically~*~*~ (water).
  1551 | Sewer    | Reached skill level 1 in Armour
  1567 | Sewer    | 1567 ||| Stepping ~*~*~tactically~*~*~ (water).
  1619 | Sewer    | Reached XP level 5. HP: 18/32 MP: 5/5
  1758 | Sewer    | 1758 ||| Stepping ~*~*~tactically~*~*~ (water).
  1824 | Sewer    | Noticed a kobold brigand
  1836 | Sewer    | Killed a kobold brigand
  1837 | Sewer    | Reached skill level 6 in Ranged Weapons
  1882 | Sewer    | 1882 ||| READING scroll of enchant weapon.
  1882 | Sewer    | 1882 ||| ENCHANTING +1 shortbow.
  1904 | Sewer    | 1904 ||| READING scroll labelled YNAHUDDEYLIE.
  1905 | Sewer    | 1905 ||| READING scroll labelled GUTETA ULIFRE.
  1906 | Sewer    | 1906 ||| READING scroll labelled ZEENTO AGIMP.
  1907 | Sewer    | 1907 ||| DRINKING 3 fuming dark potions.
  1908 | Sewer    | 1908 ||| DRINKING 2 murky silvery potions.
  1971 | D:3      | 1971 ||| PLANNING D:1-11
  2040 | D:3      | Found an ornate altar of the Wu Jian Council.
  2055 | D:3      | Noticed Grinder
  2062 | D:3      | Paralysed by Grinder for 2 turns
  2065 | D:3      | Paralysed by Grinder for 5 turns
  2071 | D:3      | Killed Grinder
  2072 | D:3      | Reached XP level 6. HP: 30/40 MP: 6/6
  2318 | D:3      | Reached XP level 7. HP: 44/44 MP: 7/7
  2357 | D:3      | Found a runed translucent door.
  2358 | D:3      | Noticed Crazy Yiuf
  2768 | D:3      | 2768 ||| UPGRADING to amulet of reflection.
  2773 | D:3      | 2773 ||| UPGRADING to ring of willpower.
  2774 | D:3      | 2774 ||| READING 3 scrolls of identify.
  2774 | D:3      | 2774 ||| IDENTIFYING silvery potion
  2775 | D:3      | 2775 ||| READING 2 scrolls of identify.
  2775 | D:3      | 2775 ||| IDENTIFYING green potion
  2776 | D:3      | 2776 ||| DROPPING potion of berserk rage.
  2807 | D:4      | Reached skill level 7 in Ranged Weapons
  2813 | D:4      | 2813 ||| READING scroll of enchant armour.
  2813 | D:4      | 2813 ||| ENCHANTING +0 helmet.
  3228 | D:4      | 3228 ||| READING scroll labelled WOSTEU KUPS.
  3229 | D:4      | 3229 ||| READING 2 scrolls of identify.
  3229 | D:4      | 3229 ||| IDENTIFYING ruby potion
  3270 | D:5      | Entered Level 5 of the Dungeon
  3271 | D:5      | 3271 ||| PLANNING OSSUARY
  3273 | D:5      | Reached skill level 8 in Ranged Weapons
  3278 | D:5      | Noticed Menkaure
  3282 | D:5      | Killed Menkaure
  3283 | D:5      | Reached XP level 8. HP: 50/50 MP: 8/8
  3452 | D:5      | Found a sand-covered staircase.
  3453 | D:5      | 3453 ||| READING scroll labelled SOHEYKAJYV.
  3454 | D:5      | 3454 ||| READING 2 scrolls of identify.
  3454 | D:5      | 3454 ||| IDENTIFYING golden potion
  3455 | D:5      | 3455 ||| DROPPING potion of enlightenment.
  3463 | Ossuary  | Entered an ossuary
  3463 | Ossuary  | Noticed a wraith
  3463 | Ossuary  | Noticed a wraith
  3463 | Ossuary  | Noticed a wraith
  3522 | Ossuary  | Reached skill level 9 in Ranged Weapons
  3722 | Ossuary  | Noticed a wraith
  3735 | Ossuary  | Killed a wraith
  3736 | Ossuary  | Reached skill level 6 in Fighting
  3931 | Ossuary  | 3931 ||| DROPPING amulet of the acrobat.
  3932 | Ossuary  | 3932 ||| DROPPING +6 ring of intelligence.
  3933 | Ossuary  | 3933 ||| READING 2 scrolls labelled DAYQEU CUODYUM.
  3934 | Ossuary  | 3934 ||| DRINKING 2 bubbling blue potions.
  3935 | Ossuary  | 3935 ||| DRINKING 2 red potions.
  3936 | Ossuary  | 3936 ||| DRINKING 2 orange potions.
  3937 | Ossuary  | 3937 ||| DRINKING 2 blue potions.
  3937 | Ossuary  | Gained mutation: You have a pair of small horns on your
                  | head. [potion of mutation]
  3937 | Ossuary  | Gained mutation: Your large and strong wings let you fly.
                  | [potion of mutation]
  3938 | Ossuary  | 3938 ||| DROPPING +1 helmet.
  3939 | Ossuary  | 3939 ||| DROPPING potion of invisibility.
  3940 | Ossuary  | 3940 ||| DROPPING scroll of noise.
  3973 | D:5      | 3973 ||| PLANNING D:1-11
  4170 | D:5      | 4170 ||| READING scroll of enchant weapon.
  4170 | D:5      | 4170 ||| ENCHANTING +2 shortbow of flaming.
  4298 | D:5      | Reached skill level 10 in Ranged Weapons
  4448 | D:5      | 4448 ||| READING scroll labelled FIW YHUOGAOJ.
  4449 | D:5      | 4449 ||| DRINKING 2 bubbling green potions.
  4450 | D:5      | 4450 ||| DRINKING 2 smoky sapphire potions.
  4451 | D:5      | 4451 ||| DROPPING potion of brilliance.
  4523 | D:6      | 4523 ||| Stepping ~*~*~tactically~*~*~ (outnumbered).
  4525 | D:6      | 4525 ||| Stepping ~*~*~tactically~*~*~ (outnumbered).
  4527 | D:6      | 4527 ||| Stepping ~*~*~tactically~*~*~ (outnumbered).
  4582 | D:6      | Reached XP level 9. HP: 56/56 MP: 9/9
  4723 | D:6      | Found a radiant altar of Vehumet.
  4815 | D:6      | 4815 ||| Stepping ~*~*~tactically~*~*~ (outnumbered).
  4817 | D:6      | 4817 ||| Stepping ~*~*~tactically~*~*~ (outnumbered).
  4826 | D:6      | Reached skill level 3 in Dodging
  4834 | D:6      | 4834 ||| Stepping ~*~*~tactically~*~*~ (outnumbered).
  5036 | D:6      | 5036 ||| FLEEEEING.
  5047 | D:6      | 5047 ||| FLEEEEING.
  5051 | D:6      | 5051 ||| FLEEEEING.
  5052 | D:6      | 5052 ||| FLEEEEING.
  5053 | D:6      | 5053 ||| FLEEEEING.
  5054 | D:6      | 5054 ||| FLEEEEING.
  5059 | D:6      | 5059 ||| FLEEEEING.
  5060 | D:6      | 5060 ||| FLEEEEING.
  5061 | D:6      | 5061 ||| FLEEEEING.
  5062 | D:6      | 5062 ||| FLEEEEING.
  5063 | D:6      | 5063 ||| FLEEEEING.
  5065 | D:6      | 5065 ||| FLEEEEING.
  5066 | D:6      | 5066 ||| FLEEEEING.
  5067 | D:6      | 5067 ||| FLEEEEING.
  5068 | D:6      | 5068 ||| FLEEEEING.
  5069 | D:6      | 5069 ||| FLEEEEING.
  5070 | D:6      | 5070 ||| FLEEEEING.
  5078 | D:6      | 5078 ||| FLEEEEING.
  5079 | D:6      | 5079 ||| FLEEEEING.
  5080 | D:6      | 5080 ||| FLEEEEING.
  5082 | D:6      | 5082 ||| FLEEEEING.
  5083 | D:6      | 5083 ||| FLEEEEING.
  5084 | D:6      | 5084 ||| FLEEEEING.
  5300 | D:6      | 5300 ||| UPGRADING to +0 pair of gloves.
  5309 | D:6      | 5309 ||| UPGRADING to +0 ring mail.
  5319 | D:6      | 5319 ||| DROPPING +0 leather armour.
  5633 | D:6      | 5633 ||| UPGRADING to ring of see invisible.
  5634 | D:6      | 5634 ||| READING 2 scrolls of identify.
  5634 | D:6      | 5634 ||| IDENTIFYING puce potion
  5635 | D:6      | 5635 ||| DROPPING potion of degeneration.
  5671 | D:7      | Found a staircase to the Ecumenical Temple.
  5672 | D:7      | 5672 ||| PLANNING TEMPLE
  5688 | Temple   | Entered the Ecumenical Temple
  5689 | Temple   | 5689 ||| PLANNING OKAWARU WORSHIP
  5695 | Temple   | Became a worshipper of Warmaster Okawaru
  5695 | Temple   | 5695 ||| PLANNING D:1-11
  5709 | D:7      | Reached skill level 3 in Armour
  5709 | D:7      | 5709 ||| FLEEEEING.
  5710 | D:7      | 5710 ||| FLEEEEING.
  5711 | D:7      | 5711 ||| FLEEEEING.
  5712 | D:7      | 5712 ||| FLEEEEING.
  5713 | D:7      | 5713 ||| FLEEEEING.
  5714 | D:7      | 5714 ||| FLEEEEING.
  5715 | D:7      | 5715 ||| FLEEEEING.
  5716 | D:7      | 5716 ||| FLEEEEING.
  5717 | D:7      | 5717 ||| FLEEEEING.
  5718 | D:7      | 5718 ||| FLEEEEING.
  5719 | D:7      | 5719 ||| FLEEEEING.
  5720 | D:7      | 5720 ||| FLEEEEING.
  5721 | D:7      | 5721 ||| FLEEEEING.
  5722 | D:7      | 5722 ||| FLEEEEING.
  5723 | D:7      | 5723 ||| FLEEEEING.
  5724 | D:7      | 5724 ||| FLEEEEING.
  5725 | D:7      | 5725 ||| FLEEEEING.
  5726 | D:7      | 5726 ||| FLEEEEING.
  5727 | D:7      | 5727 ||| FLEEEEING.
  5728 | D:7      | 5728 ||| FLEEEEING.
  5729 | D:7      | 5729 ||| STAIRDANCE
  5813 | D:7      | 5813 ||| STAIRDANCE
  5871 | D:7      | Reached skill level 11 in Ranged Weapons
  6243 | D:7      | Found Uresux's Book Shop.
  6398 | D:7      | Identified the +10 plate armour of Soigib {rPois SInv}
  6530 | D:7      | 6530 ||| READING 2 scrolls of identify.
  6530 | D:7      | 6530 ||| IDENTIFYING fuming clear potion
  6601 | D:8      | Noticed Maurice
  6615 | D:8      | Reached * piety under Okawaru
  6621 | D:8      | Killed Maurice
  6622 | D:8      | Reached XP level 10. HP: 53/64 MP: 9/11
  6693 | D:8      | 6693 ||| Stepping ~*~*~tactically~*~*~ (outnumbered).
  6695 | D:8      | 6695 ||| Stepping ~*~*~tactically~*~*~ (outnumbered).
  6774 | D:8      | Reached skill level 3 in Invocations
  6825 | D:8      | 6825 ||| FLEEEEING.
  6826 | D:8      | 6826 ||| FLEEEEING.
  6827 | D:8      | 6827 ||| FLEEEEING.
  6828 | D:8      | 6828 ||| FLEEEEING.
  6829 | D:8      | 6829 ||| FLEEEEING.
  6830 | D:8      | 6830 ||| FLEEEEING.
  6831 | D:8      | 6831 ||| FLEEEEING.
  6832 | D:8      | 6832 ||| FLEEEEING.
  6833 | D:8      | 6833 ||| FLEEEEING.
  6834 | D:8      | 6834 ||| FLEEEEING.
  6835 | D:8      | 6835 ||| FLEEEEING.
  6836 | D:8      | 6836 ||| FLEEEEING.
  6837 | D:8      | 6837 ||| FLEEEEING.
  6838 | D:8      | 6838 ||| FLEEEEING.
  6839 | D:8      | 6839 ||| FLEEEEING.
  6840 | D:8      | 6840 ||| FLEEEEING.
  6841 | D:8      | 6841 ||| FLEEEEING.
  6842 | D:8      | 6842 ||| FLEEEEING.
  6843 | D:8      | 6843 ||| FLEEEEING.
  6844 | D:8      | 6844 ||| FLEEEEING.
  6845 | D:8      | 6845 ||| FLEEEEING.
  6846 | D:8      | 6846 ||| FLEEEEING.
  6847 | D:8      | 6847 ||| FLEEEEING.
  6848 | D:8      | 6848 ||| FLEEEEING.
  6849 | D:8      | 6849 ||| FLEEEEING.
  6850 | D:8      | 6850 ||| FLEEEEING.
  6851 | D:8      | 6851 ||| FLEEEEING.
  6856 | D:8      | 6856 ||| FLEEEEING.
  6857 | D:8      | 6857 ||| FLEEEEING.
  6868 | D:8      | 6868 ||| FLEEEEING.
  6869 | D:8      | 6869 ||| FLEEEEING.
  6870 | D:8      | 6870 ||| FLEEEEING.
  6871 | D:8      | 6871 ||| FLEEEEING.
  6872 | D:8      | 6872 ||| STAIRDANCE
  6990 | D:8      | Noticed Psyche
  6991 | D:8      | 6991 ||| INVOKING Heroism.
  6997 | D:8      | Killed Psyche
  6998 | D:8      | Reached skill level 12 in Ranged Weapons
  7048 | D:8      | 7048 ||| READING scroll of brand weapon.
  7048 | D:8      | 7048 ||| BRANDING +3 shortbow of flaming.
  7085 | D:8      | 7085 ||| INVOKING Heroism.
  7298 | D:8      | Found a sparkling altar of Nemelex Xobeh.
  7301 | D:8      | Found a hide-covered altar of Uskayaw.
  7322 | D:8      | Noticed Pikel
  7349 | D:8      | Killed Pikel
  7349 | D:8      | Reached ** piety under Okawaru
  7539 | D:8      | Noticed Joseph
  7546 | D:8      | Killed Joseph
  7617 | D:8      | 7617 ||| INVOKING Heroism.
  7694 | D:9      | 7694 ||| INVOKING Heroism.
  7711 | D:9      | Reached skill level 13 in Ranged Weapons
  7723 | D:9      | 7723 ||| STAIRDANCE
  7779 | D:9      | Found a sacrificial altar of Ru.
  7793 | D:9      | 7793 ||| SWAPPING to +0 orcbow.
  7799 | D:9      | 7799 ||| DROPPING +0 shortbow.
  7800 | D:9      | 7800 ||| DROPPING +3 shortbow of draining.
  7818 | D:9      | Reached *** piety under Okawaru
  7825 | D:9      | 7825 ||| INVOKING Heroism.
  7852 | D:9      | Reached skill level 9 in Fighting
  7857 | D:9      | 7857 ||| INVOKING Heroism.
  7861 | Abyss:1  | Cast into level 1 of the Abyss (orc)
  7868 | Abyss:1  | Noticed an apocalypse crab
  7872 | Abyss:1  | Killed an apocalypse crab
  7873 | Abyss:1  | Reached XP level 11. HP: 31/71 MP: 12/14
  7894 | Abyss:1  | 7894 ||| INVOKING Heroism.
  7976 | Abyss:1  | Noticed a Hell Sentinel
  7976 | Abyss:1  | 7976 ||| INVOKING Heroism.
  7979 | Abyss:1  | Killed from afar by a Hell Sentinel

Levels and vault maps discovered:
D:1:      dpeg_arrival_water_fire, layout_basic, st_stairs_13
D:2:      layout_basic, shapermc_ecumenical_altar_gd
D:3:      layout_loops_ring, pdpol_wu_jian_five_deadly_venoms,
          cheibrodos_sewer_entry_drain, uniq_crazy_yiuf_cottage, uniq_grinder
D:4:      layout_rooms, amcnicky_mini_rare_corridor_liquid
D:5:      layout_basic, chequers_ossuary_entry_cave, kennysheep_generic_room_16,
          uniq_menkaure
D:6:      layout_loops_corners, lemuel_tele_altar,
          minmay_a_box_with_orc_wizards_in_it
D:7:      layout_cave_pools, minmay_temple_entry_waves, serial_shops,
          nicolae_book_shop_shelving, minmay_misc_feat_rugged,
          grunt_decor_clamped
D:8:      layout_loops_cross, minitemple, uniq_pikel, uniq_maurice, uniq_psyche,
          uniq_joseph
D:9:      layout_irregular_city, mainiacjoe_overflow_small_starburst,
          lair_entry_dummy, hiddenorc1_lemuel, serial_column_ruins,
          column_ruins_square_large, column_ruins_corridor_corner,
          column_ruins_corridor_T, column_ruins_open_small, column_ruins_grid_1,
          column_ruins_corridor_straight, kennysheep_nondescript,
          nrook_campfire, lightli_fourway_metalbox, uniq_harold, uniq_maggie
Temple:   sentei_temple_godly_chess
Abyss:1:  base: D:8, spicy_abyss_helpful_harpoons

Skill      XL: |  1  2  3  4  5  6  7  8  9 10 |
---------------+-------------------------------+-----
Ranged Weapons | 5 6 8 10 11 13 | 13.4
Fighting       | 3 5 6 8 9 |  9.1
Armour         | 1 3 4 |  4.0
Dodging        | 2 3 |  3.0
Invocations    | 2 4 |  4.0
Stealth        | |  1.1

Action                     |  1- 3 |  4- 6 |  7- 9 | 10-12 || total
---------------------------+-------+-------+-------+-------++-------
   Fire: Shortbow          |   139 |   128 |   429 |   151 ||   847
         Orcbow            |       |       |       |    72 ||    72
 Invoke: Heroism           |       |       |       |     8 ||     8
    Use: Scroll            |     4 |     6 |    12 |     1 ||    23
         Potion            |       |     2 |     6 |       ||     8
 Armour: Leather armour    |    27 |    10 |    51 |       ||    88
         Ring mail         |       |       |    13 |   103 ||   116
  Dodge: Dodged            |    35 |    16 |    87 |   164 ||   302
  Block: Other             |       |       |    34 |    57 ||    91
         Reflection        |       |       |     1 |       ||     1

Table legend:
 A = Non-vault XP
 B = Vault XP
 C = Vault XP percentage of total XP
 D = Non-vault monster count
 E = Vault monster count
 F = Vault count percentage of total count
                 A         B        C        D         E       F
            +---------+---------+-------+---------+---------+-------
      Total |    6199 |    3212 |  34.1 |     176 |      57 |  24.5
            +---------+---------+-------+---------+---------+-------
        D:1 |      32 |       4 |  11.1 |      18 |       2 |  10.0
        D:2 |      48 |       0 |   0.0 |      21 |       0 |   0.0
        D:3 |     174 |     288 |  62.3 |      12 |       3 |  20.0
        D:4 |     363 |       0 |   0.0 |      16 |       0 |   0.0
        D:5 |     596 |     171 |  22.3 |      19 |       2 |   9.5
        D:6 |    1058 |      70 |   6.2 |      31 |       2 |   6.1
        D:7 |     998 |       0 |   0.0 |      22 |       0 |   0.0
        D:8 |    1351 |    1923 |  58.7 |      25 |       4 |  13.8
        D:9 |     960 |     162 |  14.4 |      10 |      12 |  54.5
    Abyss:1 |     619 |       0 |   0.0 |       2 |       0 |   0.0
      Sewer |       0 |     202 | 100.0 |       0 |      18 | 100.0
    Ossuary |       0 |     392 | 100.0 |       0 |      14 | 100.0
            +---------+---------+-------+---------+---------+-------
